AoeStats
← Noobjoker

Nomad

507696078Analyzed
4v4 RM · 12d ago on Sep 19, 2026· 31m 17s· 8 players
Game mode
Random Map
Map size
231×231
Population
200
Speed
Normal
Resources
Standard
Victory
Conquest
Starting age
Dark Age
Ending age
Imperial Age
RankedLock teamsTeams togetherTeam positionsShared explorationLock speedFull tech treeHidden civsTurbo modeCheats
Victory
Defeat
1383
+17
🇹🇼 Sicilians · Taiwan
1365
+18
🇨🇳 Persians · China
1364
+18
🇨🇳 Spanish · China
1358
+18
🇩🇪 Persians · Germany
1456
-19
🇩🇪 Malay · Germany
1438
-19
🇩🇪 Vietnamese · Germany
1433
-19
🇩🇪 Spanish · Germany
1306
-14
double barrack mountain king
4:17 Loom
17:26 Feudal Age
18:16 Double-Bit Axe
21:09 Castle Age
18:59 Double-Bit Axe
18:58 Fishing Lines
19:33 Fletching
20:29 Stone Mining
21:18 Padded Archer Armor
21:45 Bodkin Arrow
Noobjoker
11:24 Loom
14:50 Feudal Age
16:42 Double-Bit Axe
19:27 Castle Age
17:35 Fishing Lines
17:51 Gold Mining
17:46 Horse Collar
20:03 Bloodlines
20:02 Scale Barding Armor
21:29 Medium Warships
23:40 Forging
24:39 Wheelbarrow
24:06 Light Cavalry
28:01 Iron Casting
XHK
12:33 Feudal Age
18:27 Castle Age
17:14 Double-Bit Axe
19:36 Bow Saw
23:31 Loom
菜菜
11:51 Loom
17:06 Feudal Age
17:57 Double-Bit Axe
23:02 Castle Age
21:24 Fletching
21:35 Horse Collar
21:58 Stone Mining
24:12 Bow Saw
26:13 Wheelbarrow
26:48 Padded Archer Armor
Raphael
3:51 Loom
15:15 Feudal Age
15:52 Horse Collar
19:47 Castle Age
20:57 Double-Bit Axe
22:22 Fletching
22:20 Crossbowman
26:31 Bow Saw
26:36 Heavy Plow
27:56 Bodkin Arrow
28:53 Stone Mining
28:54 Gold Mining
30:48 Wheelbarrow
30:01 Town Watch
Kawa
9:04 Loom
13:25 Feudal Age
13:49 Fishing Lines
13:55 Double-Bit Axe
18:33 Castle Age
19:56 Bow Saw
19:55 Horse Collar
21:23 Wheelbarrow
23:07 Hand Cart
22:46 Gold Mining
23:33 Gillnets
24:31 Town Watch
25:09 Medium Warships
26:02 Fletching
27:11 Scale Mail Armor
28:44 Chain Mail Armor
Barca4life
4:45 Loom
30:07 Feudal Age
M*rpheu$
13:17 Feudal Age
19:45 Castle Age
18:18 Horse Collar
21:25 Loom
Connection lost

Rejoining the realm…

Still unreachable

The connection could not be restored.

Session expired

The server has moved on; the page needs a fresh start.